 Dungeon Sprint DCSS version 0.32-a0-834-geaf45d8e21 (webtiles) character file.

Game seed: 11771606687101160928

28569 rocky1 the Slayer (level 13, -3/154 HPs)
             Began as a Mountain Dwarf Fighter on Mar 26, 2024.
             Was an Initiate of Gozag.
             Slain by an orc knight
             ... wielding a +2 great sword
              (29 damage)
             ... in the Dungeon (Sprint VII: "The Pits").
             The game lasted 00:19:57 (6946 turns).

rocky1 the Slayer (Mountain Dwarf Fighter)          Turns: 6946, Time: 00:19:58

Health: -3/154     AC: 23    Str: 22    XL:     13   Next: 10%
Magic:  13/13      EV:  9    Int:  9    God:    Gozag
Gold:   3406       SH:  9    Dex: 11    Spells: 12/12 levels left

rFire   + . .        v - +2 war axe (freeze)
rCold   + . .        a - +2 buckler {reflect}
rNeg    . . .        y - +4 chain mail {rC+}
rPois   +            x - +0 helmet
rElec   .            p - +0 cloak
rCorr   .            w - +0 pair of gloves
SInv    .            (no boots)
Will    ++...        E - amulet "Xium" {Faith Will+} Stlth
                     O - ring of protection from fire
HPRegen 0.45/turn    H - ring of poison resistance
MPRegen 0.13/turn

%: no teleportation, reflection, faith
@: gold aura
A: runic magic, artefact enchanting
a: Renounce Religion, Potion Petition, Call Merchant, Bribe Branch


You were in the Dungeon.
You worshipped Gozag.
Gozag was most pleased with you.
You visited 1 branch You collected 10910 gold pieces.
You spent 2466 gold pieces at shops.
You paid 5038 gold pieces to Gozag.

Inventory:

Hand Weapons
 u - a +2 morningstar of protection
 v - a +2 war axe of freezing (weapon)
Missiles
 c - a curare-tipped dart (quivered)
 G - 6 boomerangs
Armour
 a - a +2 buckler of reflection (worn)
 p - a +0 cloak (worn)
 q - a +4 scale mail of fire resistance
 w - a +0 pair of gloves (worn)
 x - a +0 helmet (worn)
 y - a +4 chain mail of cold resistance (worn)
 I - the +4 chain mail "Biegoihu" {Str+3 Int-5 Dex+5}
   (You bought it in a shop in the Dungeon)

   Str+3:     It affects your strength (+3).
   Int-5:     It affects your intelligence (-5).
   Dex+5:     It affects your dexterity (+5).
 K - a +2 plate armour of positive energy
Jewellery
 t - a +3 ring of strength
 E - the amulet "Xium" (around neck) {Faith Will+}
   (You bought it in a shop in the Dungeon)

   [amulet of faith]

   Faith:     It allows you to gain divine favour quickly.
   Will+:     It increases your willpower.
 H - a ring of poison resistance (right hand)
 O - a ring of protection from fire (left hand)
Wands
 F - a wand of flame (20)
 N - a wand of paralysis (4)
Scrolls
 b - a scroll of silence
 j - 4 scrolls of blinking
 l - 2 scrolls of vulnerability
 m - 5 scrolls of amnesia
 n - 2 scrolls of butterflies
 o - a scroll of enchant weapon
 z - a scroll of fog
 B - 3 scrolls of identify
 D - 6 scrolls of enchant armour
 L - a scroll of poison
 M - a scroll of revelation
Potions
 d - 2 potions of might
 e - 8 potions of curing
 f - 9 potions of heal wounds
 g - 2 potions of haste
 h - 4 potions of magic
 i - 4 potions of berserk rage
 k - 3 potions of invisibility
 r - 2 potions of brilliance
 s - 3 potions of mutation
 C - a potion of resistance


   Skills:
 - Level 25.4 Fighting
 - Level 16.0(17.6) Axes
 - Level 12.6(16.0) Maces & Flails
 - Level 16.2 Armour
 - Level 4.2 Dodging
 + Level 13.8 Shields


You had 12 spell levels left.
You didn't know any spells.
Your spell library contained the following spells:

 Spells                   Type           Power      Damage    Failure   Level
 Lesser Beckoning         Tloc           0%         N/A       67%         2
 Gell's Gravitas          Tloc           0%         N/A       88%         3
 Teleport Other           Tloc           0%         N/A       88%         3


Dungeon Overview and Level Annotations

Branches:
Dungeon (1/1)

Altars:
Ashenzari
Cheibriados
Dithmenos
Elyvilon
Fedhas
Gozag
Hepliaklqana
Kikubaaqudgha
Makhleb
Nemelex Xobeh
Okawaru
Qazlal
Ru
Sif Muna
Trog
Uskayaw
Vehumet
Wu Jian
Xom
Yredelemnul
Zin
The Shining One
Beogh
Jiyva
Lugonu

Shops:
D *(*=


Innate Abilities, Weirdness & Mutations

Your spellcasting is much less encumbered by armour.
You can use scrolls of enchantment on lesser artefacts.


Message History

The orc knight hits you from afar with a +0 bardiche.
Things that are here:
135 gold pieces; a +0 glaive; a +0 plate armour The orc knight hits you but does no damage.
You slice the orc knight!! You freeze the orc knight.
The orc knight is moderately wounded.
The orc knight hits you with a +0 bardiche!
* * * LOW HITPOINT WARNING * * *
You slash the orc knight! You freeze the orc knight.
The orc knight is heavily wounded.
You slash the orc knight! You freeze the orc knight.
You block the orc knight's attack. The orc knight barely misses you.
You hit the orc knight but do no damage.
The orc knight is heavily wounded.
You slash the orc knight! You freeze the orc knight.
You hit the orc knight but do no damage.
The orc knight is heavily wounded.
You hit the orc knight. You freeze the orc knight.
The orc knight hits you with a +0 bardiche!!
* * * LOW HITPOINT WARNING * * *
You block the orc knight's attack.
You slash the orc knight! You freeze the orc knight.
The orc knight is severely wounded.
You closely miss the orc knight.
The orc knight hits you but does no damage.
You block the orc knight's attack.
You slash the orc knight! You freeze the orc knight.
The orc knight is almost dead.
You hit the orc knight but do no damage.
You hit the orc knight but do no damage.
The orc knight is almost dead.
You barely miss the orc knight.
The orc knight hits you but does no damage.
The orc knight barely misses you.
You hit the orc knight. You freeze the orc knight.
You kill the orc knight!
You hit the orc knight. You freeze the orc knight.
The orc knight hits you with a +2 great sword!!
You die...
Your body crumbles into a pile of gold.

..........# ..........#
..#....#..# ..........+
..........+ ##''####''#
##''####''#######################
..=...##.....)...o.....).....)...
.#)##.##.....))$@$...............
.#).'.##..##############''#######
.'.[#.##..# #......# .#.)+.##..#
#......# .+..#.##..# #......#
.##+#.##..# ###..### . ..##..#
..o. ####..# .oo. ########..#
o..o#


You could see an orc knight (strong).

Vanquished Creatures
  2 orc warlords (D)
  An emperor scorpion (D)
  A vampire knight (D)
  A deep elf death mage (D)
  A mummy priest (D)
  A merfolk avatar (D)
  An ice dragon (D)
  An anaconda (D)
  A two-headed ogre (D)
  A catoblepas (D)
  A death knight (D)
  A naga warrior (D)
  A soul eater (D)
  A sun demon (D)
  A shadow wraith (D)
  A sea snake (D)
  A bog body (D)
  A phantasmal warrior (D)
  A spriggan druid (D)
  2 large abominations (D)
  3 harpies (D)
  6 orc knights (D)
  A deep elf zephyrmancer (D)
  A manticore (D)
  A faun (D)
  A black mamba (D)
  An elephant (D)
  2 gargoyles (D)
  2 molten gargoyles (D)
  An unseen horror (D)
  An orange demon (D)
  A cane toad (D)
  A rime drake (D)
  An ice devil (D)
  An efreet (D)
  A freezing wraith (D)
  Psyche (D)
  A polar bear (D)
  A wind drake (D)
  A hellwing (D)
  4 hornets (D)
  A glass eye (D)
  A jumping spider (D)
  6 slime creatures (D)
  A ynoxinul (D)
  A water elemental (D)
  A wraith (D)
  2 spriggans (D)
  An air elemental (D)
  3 wyverns (D)
  A culicivora (shapeshifter) (D)
  4 yaks (D)
  2 basilisks (D)
  3 redbacks (D)
  A steam dragon (D)
  Edmund (D)
  2 chaos spawn (D)
  An acid dragon (D)
  A water moccasin (D)
  A sky beast (D)
  2 black bears (D)
  2 orc warriors (D)
  A wolf (D)
  2 centaurs (D)
  A scorpion (D)
  2 quasits (D)
  3 orc priests (D)
  2 gnoll boudas (D)
  Crazy Yiuf (D)
  2 orc wizards (D)
  6 gnolls (D)
  An adder (D)
  An adder skeleton (D)
  An adder zombie (D)
  A dart slug (D)
  6 orcs (D)
  A ball python (D)
  5 giant cockroaches (D)
  2 hobgoblins (D)
  10 jackals (D)
  A kobold (D)
  A quokka (D)
  A ball python zombie (D)
  2 bats (D)
  A giant cockroach simulacrum (D)
  A jackal skeleton (D)
  A rat (D)
149 creatures vanquished.

Notes
Turn   | Place    | Note
-------+----------+-------------------------------------------
     0 | D        | rocky1 the Mountain Dwarf Fighter began the quest for the
                  | Orb.
     0 | D        | Reached XP level 1. HP: 19/19 MP: 1/1
    40 | D        | Found a bloodstained altar of Trog.
    40 | D        | Found a shimmering blue altar of Sif Muna.
    40 | D        | Found a viscous altar of Jiyva.
    40 | D        | Found a hazy altar of Hepliaklqana.
    40 | D        | Found an opulent altar of Gozag.
    41 | D        | Found a glowing golden altar of the Shining One.
    41 | D        | Found a glowing silver altar of Zin.
    41 | D        | Found a basalt altar of Yredelemnul.
    41 | D        | Found a shimmering altar of Xom.
    41 | D        | Found an ornate altar of the Wu Jian Council.
    41 | D        | Found a sacrificial altar of Ru.
    41 | D        | Found a stormy altar of Qazlal.
    41 | D        | Found an iron altar of Okawaru.
    41 | D        | Found a sparkling altar of Nemelex Xobeh.
    41 | D        | Found a burning altar of Makhleb.
    41 | D        | Found a blossoming altar of Fedhas.
    41 | D        | Found a white marble altar of Elyvilon.
    41 | D        | Found a shadowy altar of Dithmenos.
    41 | D        | Found a snail-covered altar of Cheibriados.
    44 | D        | Found a corrupted altar of Lugonu.
    44 | D        | Found a radiant altar of Vehumet.
    44 | D        | Found a roughly hewn altar of Beogh.
    45 | D        | Found an ancient bone altar of Kikubaaqudgha.
    45 | D        | Found a hide-covered altar of Uskayaw.
    45 | D        | Found a broken altar of Ashenzari.
    48 | D        | Became a worshipper of Gozag Ym Sagoz the Greedy
    60 | D        | Noticed a glass eye
    76 | D        | Killed a glass eye
    77 | D        | Reached skill level 5 in Fighting
    77 | D        | Reached skill level 5 in Armour
    77 | D        | Reached skill level 5 in Shields
    77 | D        | Reached XP level 2. HP: 25/30 MP: 2/2
    77 | D        | Reached XP level 3. HP: 31/37 MP: 3/3
    77 | D        | Reached XP level 4. HP: 37/44 MP: 4/4
    77 | D        | Reached XP level 5. HP: 42/50 MP: 5/5
   444 | D        | Reached skill level 6 in Fighting
   850 | D        | Noticed a sky beast
   851 | D        | Noticed a water moccasin
   867 | D        | HP: 2/51 [something (6)]
   873 | D        | Killed a sky beast
   874 | D        | Reached XP level 6. HP: 25/58 MP: 6/6
   881 | D        | Killed a water moccasin
   882 | D        | Reached skill level 7 in Fighting
   882 | D        | Reached skill level 10 in Axes
   894 | D        | Reached XP level 7. HP: 67/67 MP: 7/7
  1053 | D        | Noticed Crazy Yiuf
  1063 | D        | Killed Crazy Yiuf
  1085 | D        | Reached skill level 8 in Fighting
  1388 | D        | Noticed Edmund
  1405 | D        | Killed Edmund
  1562 | D        | Noticed a jumping spider
  2000 | D        | Killed a jumping spider
  2173 | D        | Reached XP level 8. HP: 71/75 MP: 8/8
  2298 | D        | Bought a +2 buckler of reflection for 240 gold pieces
  2298 | D        | Bought a scroll of silence for 123 gold pieces
  2298 | D        | Bought a potion of might for 52 gold pieces
  2298 | D        | Bought a scroll of enchant weapon for 97 gold pieces
  2298 | D        | Bought a scroll of fog for 52 gold pieces
  2425 | D        | Noticed an elephant
  2434 | D        | Killed an elephant
  2435 | D        | Reached skill level 9 in Fighting
  2439 | D        | Reached skill level 10 in Fighting
  2439 | D        | Reached skill level 15 in Axes
  2546 | D        | Noticed a hellwing
  2559 | D        | Killed a hellwing
  2560 | D        | Reached skill level 11 in Fighting
  2685 | D        | Noticed a gargoyle
  2689 | D        | Killed a gargoyle
  2690 | D        | Reached skill level 12 in Fighting
  2690 | D        | Reached XP level 9. HP: 92/92 MP: 9/9
  2902 | D        | Noticed an ice devil
  2913 | D        | Killed an ice devil
  2914 | D        | Reached skill level 13 in Fighting
  2950 | D        | Noticed Psyche
  2954 | D        | Reached skill level 14 in Fighting
  2956 | D        | Killed Psyche
  2960 | D        | Reached skill level 15 in Fighting
  3118 | D        | Noticed a necromancer
  3130 | D        | Reached skill level 16 in Fighting
  3138 | D        | a necromancer changed into a faun
  3138 | D        | Noticed a faun
  3142 | D        | Killed a faun
  3143 | D        | Reached skill level 17 in Fighting
  3143 | D        | Reached XP level 10. HP: 78/111 MP: 10/10
  3158 | D        | Killed a shadow wraith
  3159 | D        | Reached skill level 18 in Fighting
  3532 | D        | Reached skill level 1 in Maces & Flails
  3540 | D        | Noticed a gargoyle
  3543 | D        | Noticed a deep elf zephyrmancer
  3544 | D        | Noticed a spriggan rider
  3551 | D        | Noticed a large abomination
  3563 | D        | Killed a gargoyle
  3564 | D        | Reached skill level 19 in Fighting
  3568 | D        | Killed a deep elf zephyrmancer
  3569 | D        | Reached skill level 5 in Maces & Flails
  3603 | D        | Killed a large abomination
  3604 | D        | Reached skill level 20 in Fighting
  3865 | D        | Noticed a sea snake
  3873 | D        | Killed a sea snake
  3874 | D        | Reached XP level 11. HP: 126/126 MP: 11/11
  3891 | D        | Noticed a catoblepas
  3898 | D        | Killed a catoblepas
  3899 | D        | Reached skill level 21 in Fighting
  4038 | D        | Bought a potion of heal wounds for 65 gold pieces
  4038 | D        | Bought the +4 chain mail "Biegoihu" {Str+3 Int-5 Dex+5} for
                  | 491 gold pieces
  4038 | D        | Bought a wand of roots (5) for 156 gold pieces
  4038 | D        | Bought a potion of invisibility for 104 gold pieces
  4083 | D        | Noticed a harpy
  4083 | D        | Noticed a harpy
  4087 | D        | Killed a harpy
  4091 | D        | Killed a harpy
  4132 | D        | Reached skill level 10 in Maces & Flails
  4147 | D        | Reached skill level 22 in Fighting
  4271 | D        | Noticed a harpy
  4285 | D        | Noticed an orc warlord
  4293 | D        | Killed a harpy
  4313 | D        | Killed an orc warlord
  4314 | D        | Reached skill level 23 in Fighting
  4320 | D        | Noticed a death knight
  4329 | D        | Killed a death knight
  4339 | D        | Noticed an ice dragon
  4341 | D        | Noticed a phantasmal warrior
  4352 | D        | Noticed a mummy priest
  4354 | D        | Noticed an emperor scorpion
  4356 | D        | Killed an ice dragon
  4361 | D        | Killed a phantasmal warrior
  4362 | D        | Reached skill level 24 in Fighting
  4362 | D        | Killed a mummy priest
  4367 | D        | Killed an emperor scorpion
  4368 | D        | Reached skill level 25 in Fighting
  4368 | D        | Reached XP level 12. HP: 82/146 MP: 12/12
  4442 | D        | Noticed a merfolk avatar
  4456 | D        | Killed a merfolk avatar
  5015 | D        | Noticed a deep elf death mage
  5024 | D        | Killed a deep elf death mage
  5025 | D        | Reached skill level 10 in Armour
  5810 | D        | Noticed a two-headed ogre
  5816 | D        | Reached skill level 15 in Armour
  5823 | D        | Killed a two-headed ogre
  6130 | D        | Bought the amulet "Xium" {Faith Will+} for 736 gold pieces
  6130 | D        | Bought a ring of protection from fire for 350 gold pieces
  6369 | D        | Noticed a vampire knight
  6371 | D        | Paralysed by an air elemental for 1 turns
  6383 | D        | Killed a vampire knight
  6816 | D        | Noticed an orc warlord
  6836 | D        | Noticed an orc warlord
  6844 | D        | Reached skill level 10 in Shields
  6873 | D        | Killed an orc warlord
  6874 | D        | Reached XP level 13. HP: 87/154 MP: 13/13
  6946 | D        | Slain by an orc knight

Illustrated notes

Levels and vault maps discovered:
D:        pitsprint [storerooms_1, entrance_room_1, metal_vault_6, armoury_1,
          mini_pit_1, grid_room_1, main_hall_1, silver_pit, the_coven_3,
          the_vestibule_1, steel_vault_1, golden_pit, hallway_of_sentries,
          crystal_vault_6, iron_vault_3, final_vault]

Skill      XL: |  1  2  3  4  5  6  7  8  9 10 11 12 13 |
---------------+----------------------------------------+-----
Axes           | 7 9 10 13 16 | 16.0
Fighting       | 5 6 7 8 12 17 20 25 | 25.4
Armour         | 5 6 8 9 16 | 16.2
Dodging        | 2 3 4 |  4.2
Shields        | 5 6 7 12 13 | 13.8
Maces & Flails | 8 12 | 12.6

Action                     |  1- 3 |  4- 6 |  7- 9 | 10-12 | 13-15 || total
---------------------------+-------+-------+-------+-------+-------++-------
  Melee: War axe           |    16 |    67 |   152 |   317 |    20 ||   572
  Throw: Dart              |       |       |       |     1 |       ||     1
 Invoke: Call Merchant     |       |       |     2 |     2 |       ||     4
         Potion Petition   |       |       |       |     3 |       ||     3
  Evoke: Wand              |       |       |       |     6 |     3 ||     9
    Use: Potion            |       |     3 |     1 |     8 |       ||    12
         Scroll            |       |       |       |     1 |       ||     1
   Stab: Distracted        |       |       |     1 |     1 |       ||     2
 Armour: Scale mail        |     9 |    31 |       |       |       ||    40
         Chain mail        |       |    22 |   127 |   201 |    24 ||   374
         Skin              |       |       |       |    10 |       ||    10
  Dodge: Dodged            |     4 |    28 |    87 |    97 |     4 ||   220
  Block: Buckler           |     1 |     9 |    44 |    98 |     6 ||   158
         Reflection        |       |       |     2 |     1 |       ||     3

Table legend: (Time is in decaauts)
 A = Elapsed time spent in this place.
 B = Non-inter-level travel time spent in this place.
 C = Inter-level travel time spent in this place.
 D = Time resting spent in this place.
 E = Time spent auto-exploring this place.
 F = Levels seen in this place.
 G = Mean time per level.
                   A        B        C        D        E       F      G
               +--------+--------+--------+--------+--------+-----+--------+
         Total |   6848 |   6770 |     78 |   5051 |      0 |   1 | 6848.0 |
       Dungeon |   6848 |   6770 |     78 |   5051 |      0 |   1 | 6848.0 |
               +--------+--------+--------+--------+--------+-----+--------+

Top non-repeatable levels by time:
       D: 6848 daAuts
